General information
- name: BNet
- type: Ladder team game (AT/RT)
- host: Battle.net
- saver: NOT-MY-KNIGHT
map: Mur'gulOasis
- players: 8
- length: 09:27
- speed: Fast
- version: 1.26 W3XP
- replay type: Public
» download(74 KB)
Players
team 1 (loser)

»
cvan. (
orange | 55 APM | 491 actions | 08:57)
2 Crypt Lord
1 Carrion Beetles
1 Impale
» actions
| Assign group hotkey | 88 | |
| Basic commands | 17 | |
| Build / train | 25 | |
| Enter build submenu | 9 | |
| Enter hero's abilities submenu | 2 | |
| Right click | 230 | |
| Select / deselect | 73 | |
| Select group hotkey | 33 | |
| Use ability | 14 | |
491 total
» units
| Acolyte | 2 | |
| Ghoul | 2 | |
| Crypt Fiend | 13 | |
17 total
» buildings
| Altar of Darkness | 1 | |
| Ziggurat | 4 | |
| Crypt | 1 | |
| Graveyard | 1 | |
| Tomb of Relics | 1 | |
| Nerubian Tower | 1 | |
| Halls of the Dead | 1 | |
10 total
» build order
00:47 Altar of Darkness
00:49 Ziggurat
00:55 Crypt
01:01 Graveyard
01:26 Tomb of Relics
01:29 Ziggurat
02:36 Nerubian Tower
03:51 Ziggurat
06:49 Halls of the Dead
07:23 Ziggurat
» items
| Scroll of Speed | 1 | |
| Lesser Clarity Potion | 1 | |
| Healing Salve | 1 | |
3 total
PEeONurfACE (
blue | 65 APM | 608 actions | 09:25)
2 Tauren Chieftain
1 Endurance Aura
1 War Stomp
» actions
| Assign group hotkey | 22 | |
| Basic commands | 37 | |
| Build / train | 42 | |
| Enter build submenu | 13 | |
| Enter hero's abilities submenu | 2 | |
| Right click | 80 | |
| Select / deselect | 196 | |
| Select group hotkey | 191 | |
| Use ability | 25 | |
608 total
» units
| Peon | 8 | |
| Troll Headhunter/Berserker | 24 | |
32 total
» upgrades
» buildings
| Altar of Storms | 1 | |
| Orc Burrow | 5 | |
| War Mill | 1 | |
| Voodoo Lounge | 1 | |
| Barracks | 3 | |
| Stronghold | 1 | |
12 total
» build order
00:24 Altar of Storms
00:36 Orc Burrow
00:52 War Mill
01:33 Voodoo Lounge
01:38 Orc Burrow
02:52 Barracks
02:59 Barracks
03:07 Barracks
03:19 Orc Burrow
03:26 Orc Burrow
04:36 Orc Burrow
08:15 Stronghold
» items
| Healing Salve | 3 | |
| Scroll of Speed | 1 | |
| Lesser Clarity Potion | 1 | |
5 total
ORCiCON1 (
green | 41 APM | 374 actions | 09:11)
2 Blademaster
1 Wind Walk
1 Critical Strike
» actions
| Basic commands | 1 | |
| Build / train | 18 | |
| ESC pressed | 1 | |
| Enter build submenu | 23 | |
| Enter hero's abilities submenu | 2 | |
| Give item / drop item | 2 | |
| Right click | 148 | |
| Select / deselect | 131 | |
| Use ability | 48 | |
374 total
» units
» buildings
| Altar of Storms | 1 | |
| Orc Burrow | 7 | |
| Barracks | 1 | |
| Voodoo Lounge | 1 | |
| Stronghold | 1 | |
| War Mill | 2 | |
| Watch Tower | 5 | |
18 total
» build order
00:08 Altar of Storms
00:16 Orc Burrow
00:51 Barracks
01:16 Voodoo Lounge
02:27 Orc Burrow
03:27 Stronghold
03:30 War Mill
03:34 War Mill
03:39 Orc Burrow
04:56 Watch Tower
05:02 Watch Tower
05:50 Orc Burrow
06:52 Orc Burrow
07:12 Orc Burrow
07:13 Orc Burrow
07:17 Watch Tower
07:18 Watch Tower
08:24 Watch Tower
» items
| Healing Salve | 1 | |
| Lesser Clarity Potion | 2 | |
3 total

»
Moose-G (
teal | 73 APM | 649 actions | 08:51)
3 Death Knight
2 Death Coil
1 Unholy Aura
1 Lich
1 Frost Nova
» actions
| Assign group hotkey | 25 | |
| Basic commands | 8 | |
| Build / train | 39 | |
| ESC pressed | 4 | |
| Enter build submenu | 13 | |
| Enter hero's abilities submenu | 4 | |
| Remove unit from queue | 1 | |
| Right click | 264 | |
| Select / deselect | 104 | |
| Select group hotkey | 154 | |
| Use ability | 33 | |
649 total
» units
| Acolyte | 4 | |
| Ghoul | 6 | |
| Crypt Fiend | 8 | |
18 total
» upgrades
» buildings
| Crypt | 1 | |
| Ziggurat | 4 | |
| Graveyard | 1 | |
| Altar of Darkness | 2 | |
| Nerubian Tower | 1 | |
| Tomb of Relics | 1 | |
| Halls of the Dead | 3 | |
| Black Citadel | 3 | |
16 total
» build order
00:15 Crypt
00:31 Ziggurat
00:50 Graveyard
01:28 Altar of Darkness
01:35 Altar of Darkness
01:55 Ziggurat
02:23 Nerubian Tower
02:41 Tomb of Relics
04:13 Halls of the Dead
04:13 Halls of the Dead
04:14 Halls of the Dead
06:42 Ziggurat
06:43 Ziggurat
07:49 Black Citadel
07:49 Black Citadel
» items
| Rod of Necromancy | 1 | |
| Lesser Clarity Potion | 4 | |
5 total
team 2 (winner)
illidanpro (
yellow | 45 APM | 424 actions | 09:26)
3 Death Knight
2 Death Coil
1 Unholy Aura
1 Lich
1 Frost Nova
» actions
| Basic commands | 4 | |
| Build / train | 38 | |
| ESC pressed | 2 | |
| Enter build submenu | 9 | |
| Enter hero's abilities submenu | 4 | |
| Right click | 226 | |
| Select / deselect | 110 | |
| Use ability | 31 | |
424 total
» units
| Acolyte | 3 | |
| Ghoul | 5 | |
| Crypt Fiend | 14 | |
22 total
» upgrades
| Web | 1 | |
| Burrow | 1 | |
| Creature Attack | 1 | |
3 total
» buildings
| Graveyard | 1 | |
| Crypt | 1 | |
| Altar of Darkness | 1 | |
| Ziggurat | 5 | |
| Tomb of Relics | 1 | |
| Halls of the Dead | 2 | |
| Black Citadel | 1 | |
12 total
» build order
00:13 Graveyard
00:16 Crypt
00:55 Altar of Darkness
00:59 Ziggurat
01:17 Tomb of Relics
02:06 Ziggurat
04:00 Ziggurat
04:48 Halls of the Dead
06:41 Ziggurat
06:42 Ziggurat
07:49 Black Citadel
» items
kmzandres (
purple | 43 APM | 407 actions | 09:26)
2 Archmage
1 Blizzard
1 Summon Water Elemental
» actions
| Assign group hotkey | 11 | |
| Build / train | 37 | |
| Enter build submenu | 18 | |
| Enter hero's abilities submenu | 2 | |
| Right click | 131 | |
| Select / deselect | 82 | |
| Select group hotkey | 101 | |
| Use ability | 25 | |
407 total
» units
» upgrades
» buildings
| Altar of Kings | 1 | |
| Farm | 9 | |
| Barracks | 1 | |
| Blacksmith | 1 | |
| Scout Tower | 5 | |
| Lumber Mill | 1 | |
| Guard Tower | 2 | |
| Keep | 1 | |
21 total
» build order
00:30 Altar of Kings
00:40 Farm
00:55 Barracks
01:26 Blacksmith
01:34 Farm
02:03 Scout Tower
02:05 Scout Tower
02:09 Scout Tower
02:14 Scout Tower
02:26 Lumber Mill
03:26 Farm
03:56 Guard Tower
04:02 Farm
04:48 Scout Tower
04:58 Farm
06:28 Keep
06:30 Guard Tower
07:06 Farm
07:26 Farm
09:21 Farm
09:25 Farm
patitorodriguez (
red | 159 APM | 1496 actions | 09:26)
3 Dark Ranger
2 Black Arrow
1 Silence
1 Pandaren Brewmaster
1 Drunken Haze
» actions
| Assign group hotkey | 67 | |
| Basic commands | 340 | |
| Build / train | 47 | |
| Enter build submenu | 13 | |
| Enter hero's abilities submenu | 4 | |
| Remove unit from queue | 4 | |
| Right click | 429 | |
| Select / deselect | 163 | |
| Select group hotkey | 404 | |
| Use ability | 25 | |
1496 total
» units
» upgrades
| Druid of the Claw Training | 1 | |
| Strength of the Wild | 1 | |
2 total
» buildings
| Ancient of War | 1 | |
| Moon Well | 4 | |
| Altar of Elders | 1 | |
| Tree of Ages | 1 | |
| Hunter's Hall | 1 | |
| Ancient of Lore | 2 | |
| Ancient of Wonders | 1 | |
| Tree of Eternity | 1 | |
12 total
» build order
00:10 Ancient of War
00:19 Moon Well
01:18 Altar of Elders
01:29 Moon Well
02:40 Moon Well
03:38 Tree of Ages
04:08 Hunter's Hall
07:14 Ancient of Lore
07:17 Ancient of Lore
07:22 Moon Well
07:24 Ancient of Wonders
08:30 Tree of Eternity

»
NOT-MY-KNIGHT (
pink | 74 APM | 696 actions | 09:27)
3 Demon Hunter
1 Evasion
2 Mana Burn
» actions
| Assign group hotkey | 41 | |
| Basic commands | 6 | |
| Build / train | 29 | |
| Enter build submenu | 8 | |
| Enter hero's abilities submenu | 3 | |
| Right click | 342 | |
| Select / deselect | 78 | |
| Select group hotkey | 167 | |
| Use ability | 22 | |
696 total
» units
» buildings
| Moon Well | 4 | |
| Altar of Elders | 1 | |
| Hunter's Hall | 1 | |
| Ancient of War | 2 | |
| Tree of Ages | 1 | |
9 total
» build order
00:09 Moon Well
00:19 Altar of Elders
01:20 Hunter's Hall
01:39 Ancient of War
02:02 Ancient of War
02:15 Moon Well
02:35 Moon Well
04:44 Moon Well
07:35 Tree of Ages
Chat log
(01:02 / Allies) NOT-MY-KNIGHT: was sup gangstaz
(01:32 / Allies) patitorodriguez: undead
(01:43 / Allies) patitorodriguez: yellow
(01:46 / Allies) patitorodriguez: lets hit u and me
(01:55 / Allies) patitorodriguez: split guys
(05:56 / All) patitorodriguez: nice backup
(06:09 / All) ORCiCON1: awesome group
(08:04 / Allies) NOT-MY-KNIGHT: YELLOW
(08:06 / Allies) NOT-MY-KNIGHT: GET BACK
(09:01 / All) NOT-MY-KNIGHT: raped
(09:04 / All) PEeONurfACE: gay
(09:05 / All) ORCiCON1: fuckn useless team
(09:11 / All) NOT-MY-KNIGHT: blue got owned lolz
(09:19 / All) PEeONurfACE: well nice rush
(09:20 / All) PEeONurfACE: :)